AoeStats
← Mrcy

MegaRandom

509164901Analyzed
4v4 RM · 7d ago on Sep 25, 2026· 40m 35s· 8 players
Game mode
Random Map
Map size
Large (8 player)
Population
200
Speed
Normal
Resources
Standard
Victory
Conquest
Starting age
Dark Age
Ending age
Imperial Age
RankedLock teamsTeams togetherTeam positionsShared explorationLock speedFull tech treeHidden civsTurbo modeCheats
Victory
Defeat
🇹🇼 Vietnamese · Taiwan
1151
+14
🇫🇷 Italians · France
1104
+16
🇳🇱 Varangians · Netherlands
1097
+16
🇵🇱 Koreans · Poland
1074
+17
🇵🇹 Varangians · Portugal
1351
-24
🇲🇿 Saxons · Mozambique
1171
-19
🇲🇿 Varangians · Mozambique
978
-11
🇲🇿 Vietnamese · Mozambique
923
-9
tretts
14:14 Feudal Age
15:28 Man-at-Arms
16:13 Arson
16:22 Fletching
16:44 Forging
16:35 Scale Mail Armor
23:56 Castle Age
22:26 Double-Bit Axe
24:42 Crossbowman
27:45 Bodkin Arrow
35:11 Imperial Age
34:54 Ballistics
37:08 Chemistry
35:43 Arbalester
36:30 Thumb Ring
36:27 Bracer
38:23 Gold Mining
40:25 Conscription
Mrcy
4:15 Loom
12:15 Feudal Age
12:57 Double-Bit Axe
14:21 Horse Collar
16:58 Castle Age
16:45 Bloodlines
16:42 Scale Barding Armor
17:50 Gold Mining
19:32 Husbandry
22:41 Chain Barding Armor
25:12 Bow Saw
25:42 Forging
27:05 Wheelbarrow
26:15 Town Watch
32:57 Imperial Age
33:06 Cavalier
34:39 Fletching
34:50 Vendel Legacy
36:24 Hand Cart
36:10 Town Patrol
37:18 Two-Man Saw
37:12 Plate Barding Armor
Jason
9:58 Loom
11:58 Feudal Age
13:27 Wheelbarrow
12:40 Double-Bit Axe
12:46 Horse Collar
16:01 Gold Mining
19:38 Castle Age
19:24 Town Watch
20:46 Hand Cart
21:01 Bow Saw
24:20 Fletching
26:23 Heavy Plow
29:31 Imperial Age
27:40 Chatras
29:24 Forging
30:25 Bloodlines
30:16 Husbandry
30:56 Iron Casting
30:27 Scale Barding Armor
31:56 Two-Man Saw
31:14 Elite Battle Elephant
33:25 Chain Barding Armor
35:13 Paper Money
40:52 Plate Barding Armor
GreatKnot19365
6:40 Loom
10:05 Feudal Age
18:55 Castle Age
18:23 Fletching
18:31 Double-Bit Axe
19:07 Crossbowman
23:59 Bodkin Arrow
28:31 Thumb Ring
34:59 Ballistics
37:39 Imperial Age
35:47 Wheelbarrow
37:42 Arbalester
38:57 Bracer
Ociru3
5:36 Loom
11:23 Feudal Age
17:16 Castle Age
18:14 Fishing Lines
22:29 Scale Mail Armor
22:40 Forging
22:20 Fletching
25:05 Wheelbarrow
25:24 Pikeman
26:04 Squires
26:27 Chain Mail Armor
26:47 Iron Casting
27:17 Hand Cart
28:19 Bodkin Arrow
29:49 Elite Skirmisher
Viminha_MZ
10:41 Feudal Age
9:54 Loom
14:21 Wheelbarrow
15:03 Double-Bit Axe
16:49 Horse Collar
17:33 Fletching
24:56 Castle Age
Ragnarök
16:56 Feudal Age
15:13 Loom
17:37 Double-Bit Axe
21:37 Scale Barding Armor
21:43 Forging
27:15 Castle Age
25:34 Fletching
30:33 Chain Barding Armor
31:39 Iron Casting
32:19 Bow Saw
Ora Viva
13:51 Loom
22:21 Feudal Age
26:13 Castle Age
24:20 Double-Bit Axe
25:03 Horse Collar
27:25 Bow Saw
31:22 Wheelbarrow
33:55 Hand Cart
40:01 Imperial Age
38:36 Forging
38:26 Scale Mail Armor
38:31 Squires
38:16 Arson
38:17 Gambesons
39:28 Pikeman
40:48 Iron Casting
40:28 Chain Mail Armor
Connection lost

Rejoining the realm…

Still unreachable

The connection could not be restored.

Session expired

The server has moved on; the page needs a fresh start.